 Dungeon Crawl Stone Soup version 0.14-a0-2730-g72a2965 (webtiles) character file.

7302 MackTheKnife the Cruncher (level 10, -1/141 HPs)
             Began as a Centaur Gladiator on Feb 20, 2014.
             Was a High Priest of Makhleb.
             Slain by an orc warrior
             ... wielding a +0,+1 orcish halberd
              (4 damage)
             ... on Level 9 of the Dungeon.
             The game lasted 00:22:34 (8838 turns).

MackTheKnife the Cruncher (Centaur Gladiator)       Turns: 8838, Time: 00:22:34

HP  -1/141       AC 28     Str 17      XL: 10   Next: 78%
MP   7/7         EV  1     Int  7      God: Makhleb [*****.]
Gold 430         SH  0     Dex 14      Spells:  0 memorised,  9 levels left

rFire  . . .     SeeInvis +     L - +5,+4 quarterstaff (chaos)
rCold  . . .     Clarity  +     b - melded +0 leather armour
rNeg   + + +     Conserve .     (no shield)
rPois  +         rCorr    .     h - +2 helmet {SInv}
rElec  .         rRot     .     i - melded +0 cloak of Udewka Mats {+Fly rC+ Acc-2 Dam+3 SInv Stlth--}
SustAb . .       Spirit   .     m - melded +1 pair of gloves
rMut   .         Warding  .     (no barding)
Saprov . . .     NoTele   +     E - amulet of clarity
MR     +....                    l - ring of protection from magic
                                p - +1 ring of evasion

@: tree-form, somewhat resistant to hostile enchantments, unstealthy
A: (hooves 0), (deformed body), herbivore 1, (speed 0), fast metabolism 1,
(tough skin 0)
a: Minor Destruction, Lesser Servant of Makhleb, Major Destruction, Greater
Servant of Makhleb, Renounce Religion


You were on level 9 of the Dungeon.
You worshipped Makhleb.
Makhleb was extremely pleased with you.
You were not hungry.
You were an animated tree.
You visited 1 branch of the dungeon, and saw 9 of its levels.
You also visited: Ossuary.

You collected 709 gold pieces.
You spent 279 gold pieces at shops.


Innate Abilities, Weirdness & Mutations

((You have hooves in place of feet.))*
((Armour fits poorly on your strangely shaped body.))*
You digest meat inefficiently.
((You cover ground very quickly.))*
You have a fast metabolism.
((You have extremely tough skin (AC +3).))*


   Skills:
 - Level 10.4 Fighting
 - Level 11.0 Staves
 - Level 2.6 Throwing
 + Level 5.0 Dodging


You had 9 spell levels left.
You didn't know any spells.

Inventory:

Hand weapons
 L - a +5,+4 quarterstaff of chaos (weapon)
Missiles
 d - 3 throwing nets (quivered)
Armour
 b - a +0 leather armour (melded)
 h - a +2 helmet of see invisible (worn)
 i - the +0 cloak of Udewka Mats (melded) {+Fly rC+ Acc-2 Dam+3 SInv Stlth--}
   (You bought it in a shop on level 6 of the Dungeon)

   It affects your accuracy with ranged weapons and melee attacks (-2).
   It affects your damage with ranged weapons and melee attacks (+3).
   It protects you from cold.
   It enhances your eyesight.
   It lets you fly.
   It makes you much less stealthy.
 m - a +1 pair of gloves (melded)
Magical devices
 y - a wand of magic darts (16)
 M - a wand of flame (6)
 P - a wand of digging (16)
 U - a wand of lightning (0)
Comestibles
 f - 5 bread rations
 k - 4 meat rations
 o - a lychee
 w - 3 apples
 x - a slice of pizza
 A - a lemon
 B - 3 pears
 C - 2 apricots
 I - 5 honeycombs
 O - 3 royal jellies
Scrolls
 e - a scroll of enchant weapon II
 j - 3 scrolls of enchant weapon I
 v - a scroll of magic mapping
 J - a scroll of enchant armour
 K - 2 scrolls of fear
 Q - a scroll of amnesia
 R - 2 scrolls of identify
 S - 3 scrolls of remove curse
Jewellery
 g - an uncursed amulet of resist mutation {unknown}
 l - a ring of protection from magic (right branch)
 p - a +1 ring of evasion (left branch)
 E - an amulet of clarity (around neck)
Potions
 a - 2 potions of might {unknown}
 c - a potion of paralysis {unknown}
 n - a potion of lignification
 q - a potion of flight {unknown}
 s - 3 potions of speed
 t - 7 potions of curing
 u - 2 potions of restore abilities {unknown}
 z - a potion of resistance
 D - a potion of berserk rage {unknown}
 F - 2 potions of magic
 G - 3 potions of heal wounds {unknown}
 H - 2 potions of poison {unknown}
 N - 2 potions of agility {unknown}
 T - a potion of cure mutation {unknown}

▒·· ▒▒▒▒ ▒······+▒ ▒··▒
▒··▒·····▒ ▒··▒
▒········▒ ▒·▒ ▒··▒
▒··▒·····▒ ▒·▒ ▒··▒
▒·······▒ ▒·▒ · ▒·····^·▒
▒·▒ ▒·······▒ ▒·▒ ▒▒▒▒▒
▒▒··o···▒ ▒·▒ ▒▒▒▒···▒▒▒▒
▒···♣·(▒▒▒▒·▒
▒······)··▒▒▒·▒▒·····▒▒!▒
····▒·········▒▒····(▒▒·▒
···▒▒·········(······(··▒
···▒▒·······▒▒▒▒·····▒▒▒▒
·····················▒
▒▒▒▒▒▒▒▒▒▒▒▒▒▒▒▒·····▒
▒·····▒ ▒·····▒


You could see an orc warrior (berserk).


Message History

You hit the orc warrior.
The orc warrior is heavily wounded.
The orc warrior hits you with an orcish halberd!
* * * LOW HITPOINT WARNING * * *
You hit the orc warrior. You burn the orc warrior.
Your quarterstaff of chaos makes a popping sound.
The orc warrior is severely wounded.
The orc warrior hits you but does no damage.
You closely miss the orc warrior.
The orc warrior is severely wounded.
The orc warrior hits you but does no damage.
You hit the orc warrior but do no damage.
The orc warrior is severely wounded.
The orc warrior hits you with an orcish halberd!
* * * LOW HITPOINT WARNING * * *
It'd take too long for a potion to reach your roots.
You barely miss the orc warrior.
The orc warrior is severely wounded.
You hit the orc warrior. You burn the orc warrior.
The orc warrior is severely wounded.
The orc warrior barely misses you.
You barely miss the orc warrior.
The orc warrior is severely wounded.
The orc warrior hits you with an orcish halberd.
* * * LOW HITPOINT WARNING * * *
Read which item? (? for menu, Esc to quit)
As you read the scroll of fear, it crumbles to dust.
You assume a fearsome visage.
The orc warrior hits you with an orcish halberd.
You die...

Action                   |  1- 3 |  4- 6 |  7- 9 | 10-12 || total
-------------------------+-------+-------+-------+-------++-------
Melee: Quarterstaff      |   131 |   104 |   310 |   181 ||   726
Evoke: Wand              |       |     1 |     3 |     8 ||    12
  Use: Scroll            |     2 |     1 |    25 |     2 ||    30
       Potion            |       |       |     4 |     3 ||     7
 Stab: Confused          |       |       |     1 |       ||     1
       Paralysed         |       |       |     1 |       ||     1

Vault maps used:
D:1:      lemuel_arrival_lava_pool
D:3:      bloody_makhleb
D:4:      first_bread, minmay_misc_feat_chi, fedhas_altar_fruit_tree
D:5:      minmay_temple_entry_from_below_b, uniq_pikel, uniq_prince_ribbit1,
          uniq_crazy_yiuf_cottage
D:6:      enter_ossuary_4, serial_shops, nicolae_shop_waterfront, shop_statue,
          shop, nicolae_shop_overgrown_old_shop, nicolae_shop_behind_doors,
          uniq_menkaure, uniq_edmund
D:8:      grunt_temple_overflow_open, erik_lair_dragon, david_nohive_1
D:9:      erik_lair_orcish_takeover, special_room, kennysheep_pointless_box,
          spider_trap, minmay_pinched_square
Ossuary:  ossuary_tomb_3

Notes
Turn   | Place    | Note
--------------------------------------------------------------
     0 | D:1      | MackTheKnife, the Centaur Gladiator, began the quest for the Orb.
     0 | D:1      | Reached XP level 1. HP: 17/17 MP: 1/1
    40 | D:1      | Reached skill level 3 in Staves
    89 | D:1      | Reached XP level 2. HP: 18/24 MP: 2/2
   382 | D:1      | Reached XP level 3. HP: 19/29 MP: 3/3
  1226 | D:2      | Reached skill level 4 in Staves
  1553 | D:3      | Reached XP level 4. HP: 29/36 MP: 3/3
  1651 | D:3      | Found a burning altar of Makhleb.
  1709 | D:3      | Became a worshipper of Makhleb the Destroyer
  1929 | D:3      | Noticed CrazyArbalest's ghost (average DsHu)
  1943 | D:3      | Killed CrazyArbalest's ghost
  1943 | D:3      | Reached skill level 5 in Staves
  1943 | D:3      | Reached XP level 5. HP: 35/41 MP: 4/4
  2164 | D:4      | Noticed an ogre
  2545 | D:4      | Reached skill level 6 in Staves
  2591 | D:4      | Found a blossoming altar of Fedhas.
  2642 | D:4      | Acquired Makhleb's first power
  2642 | D:4      | Reached XP level 6. HP: 35/48 MP: 5/5
  2837 | D:4      | HP: 3/48 [gnoll/spear (6)]
  3091 | D:4      | Paralysed by a giant eyeball for 2 turns
  3108 | D:4      | Noticed Mrmini231's ghost (average FoAK)
  3117 | D:4      | Killed Mrmini231's ghost
  3117 | D:4      | Reached skill level 7 in Staves
  3461 | D:5      | Entered Level 5 of the Dungeon
  3484 | D:5      | Reached XP level 7. HP: 53/56 MP: 5/5
  3503 | D:5      | Reached skill level 3 in Fighting
  3517 | D:5      | Found a staircase to the Ecumenical Temple.
  3579 | D:5      | Reached skill level 4 in Fighting
  3607 | D:5      | Noticed Prince Ribbit
  3623 | D:5      | Killed Prince Ribbit
  3623 | D:5      | Reached skill level 5 in Fighting
  3850 | D:5      | Reached skill level 6 in Fighting
  3850 | D:5      | Reached XP level 8. HP: 47/70 MP: 6/6
  4220 | D:5      | Noticed Pikel
  4237 | D:5      | Killed Pikel
  4237 | D:5      | Reached skill level 8 in Fighting
  4541 | D:5      | Noticed Crazy Yiuf
  4547 | D:5      | Killed Crazy Yiuf
  4759 | D:6      | Acquired Makhleb's second power
  4763 | D:6      | Reached skill level 9 in Fighting
  4860 | D:6      | Found Schuih's Antique Armour Shoppe.
  4863 | D:6      | Bought a glowing helmet for 57 gold pieces
  4868 | D:6      | Found Yfukueru's Antique Weapon Shoppe.
  4982 | D:6      | Noticed Edmund
  4991 | D:6      | Reached XP level 9. HP: 81/84 MP: 7/7
  5002 | D:6      | Killed Edmund
  5016 | D:6      | Noticed Menkaure
  5129 | D:6      | Reached skill level 10 in Fighting
  5239 | D:6      | Found Pnaewarr's Assorted Antiques.
  5260 | D:6      | Bought a scroll of identify for 54 gold pieces
  5286 | D:6      | Found Xegeaq Laang's Assorted Antiques.
  5302 | D:6      | Bought a transparent cloak for 168 gold pieces
  5306 | D:6      | Identified the cursed +0 cloak of Udewka Mats {+Fly rC+ Acc-2 Dam+3 SInv Stlth--} (You bought it in a shop on level 6 of the Dungeon)
  5379 | D:6      | Found a sand-covered staircase.
  5389 | Ossuary  | Entered an ossuary
  5487 | Ossuary  | Acquired Makhleb's third power
  5813 | D:6      | Killed Menkaure
  5828 | D:6      | Found Hiahedop's Weapon Emporium.
  5944 | D:6      | Reached skill level 8 in Staves
  6469 | D:7      | Reached skill level 9 in Staves
  7210 | D:8      | HP: 7/86 [komodo dragon (41)]
  7714 | D:8      | Reached XP level 10. HP: 94/94 MP: 7/7
  7761 | D:8      | Found a deep blue altar of Sif Muna.
  7771 | D:8      | Found a shattered altar of Ashenzari.
  7781 | D:8      | Acquired Makhleb's fourth power
  7835 | D:8      | Reached skill level 10 in Staves
  7853 | D:8      | Paralysed by a giant eyeball for 4 turns
  8045 | D:8      | Found a staircase to the Lair.
  8281 | D:9      | Reached skill level 11 in Staves
  8445 | D:9      | Reached skill level 3 in Dodging
  8507 | D:9      | Reached skill level 4 in Dodging
  8513 | D:9      | Paralysed by a giant eyeball for 2 turns
  8514 | D:9      | Noticed a deep elf knight
  8520 | D:9      | Acquired Makhleb's fifth power
  8778 | D:9      | Reached skill level 5 in Dodging
  8834 | D:9      | HP: 4/141 [orc warrior/orcish halberd (22)]
  8838 | D:9      | Slain by an orc warrior

Vanquished Creatures
  Pikel (D:5)
  2 trolls (D:9)
  A queen bee (D:8)
  2 komodo dragons (D:8)
  Prince Ribbit (D:5)
  A wyvern (D:7)
  Crazy Yiuf (D:5)
  A yak (D:9)
  2 steam dragons
  The ghost of Mrmini231 the Cudgeler, an average FoAK of Lugonu (D:4)
  Edmund (D:6)
  Menkaure (D:6)
  3 sky beasts
  An ice beast (D:5)
  4 ogres
  An ice beast (shapeshifter) (D:9)
  2 orc warriors (D:6)
  2 centaurs
  The ghost of CrazyArbalest the Bolt Thrower, an average DsHu (D:3)
  A crocodile (D:9)
  A warg (D:9)
  4 giant frogs
  A hippogriff zombie (D:6)
  19 killer bees (D:8)
  A hippogriff skeleton (D:9)
  3 wights (D:6)
  A centaur skeleton (D:5)
  3 goliath beetles
  2 jellies
  A quasit (D:7)
  3 crimson imps
  3 orc priests (D:9)
  5 orc wizards
  6 hounds
  7 iguanas
  2 giant frog skeletons (D:6)
  2 scorpions
  7 worker ants
  2 big kobold zombies
  10 mummies (Ossuary)
  A worker ant zombie (D:6)
  4 adders
  5 gnolls
  2 giant mites
  3 worms
  An adder skeleton (D:8)
  An iguana skeleton (D:4)
  3 giant eyeballs
  2 oozes (D:1)
  14 orcs
  19 bats
  5 giant cockroaches
  9 goblins
  8 hobgoblins
  6 jackals
  9 kobolds
  2 giant geckos (D:2)
  7 giant newts
  2 giant spores
  A goblin skeleton (D:5)
  A goblin zombie (D:6)
  A hobgoblin skeleton (D:4)
  4 hobgoblin zombies (Ossuary)
  2 kobold zombies
  2 orc zombies (Ossuary)
  4 quokkas
  11 rats
  A rat zombie (D:6)
  A ballistomycete (D:9)
244 creatures vanquished.

Vanquished Creatures (others)
  2 slaves (D:5)
  A warg (D:9)
  A gnoll (D:5)
  A kobold (D:5)
  A giant spore (D:9)
  A ballistomycete (D:9)
7 creatures vanquished.

Grand Total: 251 creatures vanquished
